Map: Submarine LE

Players

Benja

  • Race: Zerg Zerg
  • League: Platinum
  • Spawn Location: 11:00

Random - Winner!

  • Race: Protoss Protoss
  • League: Platinum
  • Spawn Location: 5:00

VOD

Have the link to the VOD?

Description

Time

  • Played on: July 24, 2020, 5:08 p.m.
  • Length: 15:16
Show
View Real Time Build Order
Export as new Build Order

Benja Zerg 

Build Orders: Pool First 

Get SALT Encoding   

  12  0:18  Spawning Pool  
  11  0:22  Drone  
  12  0:28  Extractor  
  12  0:29  Extractor  
  12  0:30  Drone  
  11  0:37  Drone  
  12  0:44  Drone  
  13  0:52  Overlord  
  13  1:09  Queen  
  15  1:14  Drone  
  16  1:41  Drone  
  16  1:46  Lair  
  17  1:50  Drone  
  18  2:14  Spore Crawler  
  17  2:18  Spine Crawler  
  17  2:20  Drone, Spine Crawler  
  17  2:27  Drone  
  18  2:35  Drone  
  19  2:38  Drone  
  20  2:51  Overlord  
  20  3:06  Spire  
  19  3:15  Drone x2  
  19  3:16  Drone  
  22  3:24  Overlord  
  22  3:54  Drone  
  23  3:57  Drone  
  24  4:22  Drone  
  25  4:26  Mutalisk  
  25  4:27  Mutalisk x5  
  37  4:34  Drone  
  36  4:57  Mutalisk  
  36  4:58  Zerg Flyer Weapons Level 1  
  38  5:07  Overlord  
  38  5:11  Hatchery  
  37  5:43  Drone  
  30  6:16  Mutalisk x4  
  34  6:24  Drone  
  35  6:36  Drone  
  35  6:37  Queen  
  35  6:38  Overlord  
  38  6:40  Drone x2  
  38  6:41  Drone x2  
  38  6:44  Extractor  
  41  6:47  Overseer  
  41  6:53  Zerg Flyer Armor Level 1  
  41  6:56  Drone  
  41  6:57  Drone x2  
  41  7:00  Drone x2  
  46  7:02  Extractor  
  35  7:22  Mutalisk  
  35  7:23  Mutalisk  
  35  7:29  Spore Crawler x2  
  37  7:39  Drone, Spore Crawler x2  
  37  7:40  Drone x2  
  38  7:54  Queen  
  30  8:21  Mutalisk x2  
  30  8:22  Mutalisk x3  
  30  8:25  Drone x3  
  30  8:27  Drone  
  44  8:32  Drone  
  45  8:48  Mutalisk  
  45  8:49  Mutalisk  
  49  8:57  Mutalisk  
  51  9:13  Mutalisk x2  
  55  9:32  Spore Crawler  
  54  9:42  Zerg Flyer Weapons Level 2  
  54  9:43  Spore Crawler  
  54  9:45  Mutalisk  
  55  9:49  Mutalisk  
  53  10:06  Mutalisk x2  
  57  10:15  Drone x2  
  59  10:24  Drone  
  60  10:39  Overlord x2  
  60  11:00  Corruptor  
  60  11:01  Corruptor  
  36  11:32  Corruptor  
  36  11:33  Corruptor x3  
  36  11:38  Drone  
  45  11:47  Corruptor  
  45  11:53  Drone  
  48  11:54  Drone  
  48  11:56  Drone  
  50  12:05  Drone  
  50  12:06  Drone x2  
  53  12:24  Corruptor x2  
  53  12:27  Mutalisk  
  59  12:40  Drone  
  59  12:43  Drone x2  
  61  13:17  Spore Crawler  
  61  13:18  Corruptor x6  
  72  13:27  Drone  
  72  13:28  Infestation Pit  
  70  13:59  Corruptor  
  70  14:00  Corruptor x3  
  76  14:22  Overlord x3  
  76  14:41  Corruptor x5  
  76  14:42  Corruptor  
Show
View Real Time Build Order
Export as new Build Order

Random Protoss - Winner!

Build Orders: 1 Gate Expand, Carriers 

Get SALT Encoding   

  12  0:01  Probe  
  13  0:13  Probe  
  14  0:19  Pylon  
  14  0:25  Probe  
  15  0:37  Gateway  
  15  0:38  Probe  
  16  0:50  Probe  
  17  0:58  Probe  
  18  1:21  Nexus  
  18  1:24  Probe  
  19  1:29  Cybernetics Core  
  19  1:36  Probe  
  20  1:40  Assimilator  
  20  1:44  Assimilator  
  20  1:48  Probe  
  21  2:00  Probe  
  21  2:01  Gateway  
  21  2:12  Probe  
  22  2:23  Pylon  
  22  2:24  Probe  
  23  2:32  Adept  
  23  2:36  Probe x2  
  27  2:44  Probe x2  
  27  2:48  Adept  
  31  2:53  Probe  
  31  2:54  Warp Gate, Probe  
  33  3:02  Adept  
  33  3:03  Shield Battery  
  33  3:05  Probe  
  35  3:09  Probe  
  37  3:13  Probe  
  37  3:17  Probe  
  37  3:18  Adept  
  40  3:21  Probe  
  40  3:26  Probe  
  42  3:32  Adept, Probe  
  46  3:40  Stargate  
  46  3:42  Assimilator  
  46  3:45  Assimilator  
  46  4:06  Pylon  
  46  4:08  Pylon  
  46  4:15  Pylon  
  46  4:19  Pylon  
  46  4:24  Adept, Probe x2  
  46  4:27  Stargate  
  50  4:36  Probe x2  
  50  4:48  Probe x2  
  46  4:55  Phoenix  
  46  5:00  Forge  
  46  5:05  Pylon  
  48  5:12  Phoenix  
  48  5:13  Phoenix  
  48  5:23  Protoss Air Weapons Level 1  
  39  5:30  Phoenix  
  39  5:33  Phoenix  
  36  5:48  Probe  
  36  5:49  Probe  
  36  5:55  Phoenix  
  36  5:56  Probe  
  36  5:57  Probe  
  36  6:06  Probe  
  36  6:07  Probe  
  36  6:10  Phoenix  
  40  6:18  Probe  
  41  6:20  Phoenix  
  41  6:22  Nexus  
  41  6:25  Pylon  
  43  6:29  Probe  
  43  6:30  Probe  
  45  6:34  Photon Cannon  
  45  6:35  Photon Cannon, Phoenix  
  45  6:38  Pylon  
  47  6:41  Probe  
  47  6:45  Phoenix  
  50  6:50  Probe  
  50  6:53  Probe  
  52  7:01  Phoenix  
  54  7:02  Probe  
  54  7:08  Sentry  
  57  7:28  Probe  
  57  7:29  Probe  
  59  7:32  Void Ray  
  63  7:39  Void Ray  
  63  7:41  Probe x2  
  69  8:06  Void Ray  
  69  8:12  Probe  
  68  8:15  Assimilator  
  68  8:17  Assimilator  
  70  8:20  Photon Cannon  
  70  8:21  Void Ray  
  70  8:22  Photon Cannon  
  70  8:24  Shield Battery, Probe  
  73  8:34  Probe x2  
  73  8:36  Probe  
  76  8:46  Probe  
  76  8:47  Probe  
  78  8:48  Probe  
  78  8:50  Pylon  
  78  8:53  Pylon  
  78  8:54  Gateway  
  79  8:56  Gateway  
  79  9:00  Probe  
  80  9:05  Fleet Beacon  
  80  9:08  Void Ray  
  80  9:09  Probe  
  84  9:17  Probe x2  
  87  9:27  Probe  
  87  9:29  Probe  
  89  9:38  Probe  
  89  9:39  Phoenix  
  89  9:41  Probe  
  93  9:46  Probe  
  93  9:51  Phoenix  
  96  9:54  Probe  
  95  10:03  Nexus  
  95  10:04  Phoenix  
  95  10:05  Probe  
  95  10:06  Pylon  
  95  10:07  Carrier  
  98  10:09  Pylon  
  98  10:11  Protoss Air Weapons Level 2  
  98  10:17  Probe  
  105  10:28  Carrier  
  105  10:29  Probe  
  106  10:37  Probe  
  113  10:47  Probe  
  114  10:59  Probe  
  114  11:01  Stargate  
  114  11:03  Stargate, Pylon  
  115  11:08  Probe  
  115  11:09  Probe  
  115  11:11  Probe, Carrier  
  116  11:20  Probe  
  116  11:21  Probe  
  116  11:23  Probe  
  115  11:32  Phoenix  
  117  11:33  Probe x2  
  117  11:36  Probe  
  120  11:45  Probe  
  121  11:48  Probe  
  122  11:57  Phoenix  
  124  12:01  Assimilator  
  124  12:02  Probe  
  124  12:03  Assimilator, Probe x3, Pylon, Nexus  
  124  12:08  Carrier x2  
  128  12:12  Pylon, Nexus  
  128  12:13  Carrier  
  128  12:14  Assimilator, Probe  
  128  12:15  Assimilator, Probe x3  
  132  12:21  Carrier  
  156  12:36  Protoss Air Weapons Level 3  
  156  13:12  Carrier  
  168  13:13  Carrier  
  168  13:17  Carrier  
  174  13:31  Carrier  
  180  13:35  Nexus  
  180  13:37  Pylon  
  180  13:39  Pylon  
  180  14:12  Assimilator  
  180  14:13  Assimilator  
  186  14:18  Tempest  
  186  14:19  Shield Battery  
  186  14:21  Shield Battery, Tempest  
  186  14:23  Shield Battery  
  196  14:25  Shield Battery  
  196  14:28  Shield Battery  
Tags
 
Add a new tag
Caveats
  • Supply blocks, unpowered buildings, or Contaminate may cause inaccurate times.
  • Supply counts are checked every 10 seconds.